cohdb
Replays
Latest Replays
All Replays
Popular Replays
Top Player Replays
Match Explorer
How It Works
Community
CoH3 Stats
Reddit
Sign in to upload your games and track your stats! →
Sign in with Steam
Match 38953252
Unlisted
Match 38953252
Overview
Messages
Build Orders
End
Kradschützen Motorcycle Team
Panzergrenadier Squad
250 Light Carrier
Construct Light Support Kompanie
Panzergrenadier Squad
Combat Half-tracks
Assault Grenadier Squad
MG34 Team
Construct Mechanized Kompanie
Construct Mechanized Kompanie
8 Rad Armored Car
Selects Armored Support Battlegroup
Selects Superior Fire Drills
2.5-tonne Medical Truck
Selects Salvage Kits
Panzerpioneer Squad
Selects Flammpanzer III Medium Tank
Marder III Tank Destroyer
Flammpanzer III Medium Tank
只愛❤毛妹
[LoB]Fagio
0
0
Comments
sign in to comment!
No comments posted yet!